General information
- name: BNet
- type: Ladder team game (AT/RT)
- host: Battle.net
- saver: teelo
map: Cherryville
- players: 8
- length: 23:20
- speed: Fast
- version: 1.26 W3XP
- replay type: Public
» download(169 KB)
Players
team 1 (loser)
Galax.xy (
yellow | 90 APM | 2097 actions | 23:19)
7 Death Knight
3 Death Coil
2 Unholy Aura
1 Death Pact
1 Animate Dead
4 Lich
2 Frost Nova
2 Frost Armor
» actions
| Assign group hotkey | 270 | |
| Basic commands | 43 | |
| Build / train | 71 | |
| ESC pressed | 1 | |
| Enter build submenu | 15 | |
| Enter hero's abilities submenu | 11 | |
| Right click | 769 | |
| Select / deselect | 238 | |
| Select group hotkey | 590 | |
| Use ability | 89 | |
2097 total
» units
| Acolyte | 2 | |
| Ghoul | 3 | |
| Crypt Fiend | 15 | |
| Obsidian Statue | 10 | |
30 total
» upgrades
| Creature Attack | 3 | |
| Web | 1 | |
| Creature Carapace | 3 | |
| Destroyer Form | 1 | |
| Disease Cloud | 1 | |
| Exhume Corpses | 1 | |
| Unholy Strength | 1 | |
| Unholy Armor | 1 | |
| Cannibalize | 1 | |
| Burrow | 1 | |
| Ghoul Frenzy | 1 | |
| Stone Form | 1 | |
16 total
» buildings
| Graveyard | 1 | |
| Crypt | 1 | |
| Altar of Darkness | 1 | |
| Ziggurat | 8 | |
| Tomb of Relics | 1 | |
| Halls of the Dead | 1 | |
| Slaughterhouse | 3 | |
| Black Citadel | 1 | |
17 total
» build order
00:15 Graveyard
00:18 Crypt
00:43 Altar of Darkness
00:59 Ziggurat
01:22 Tomb of Relics
02:13 Ziggurat
03:55 Halls of the Dead
04:16 Ziggurat
06:10 Ziggurat
08:21 Slaughterhouse
08:36 Slaughterhouse
08:52 Ziggurat
10:04 Black Citadel
15:58 Ziggurat
16:29 Slaughterhouse
16:41 Ziggurat
16:44 Ziggurat
» items
| Rod of Necromancy | 8 | |
| Scroll of Town Portal | 1 | |
| Scroll of Protection | 1 | |
10 total
GodOfWar92 (
blue | 39 APM | 906 actions | 23:19)
5 Blademaster
2 Wind Walk
3 Critical Strike
4 Shadow Hunter
2 Hex
2 Healing Wave
» actions
| Assign group hotkey | 27 | |
| Basic commands | 99 | |
| Build / train | 55 | |
| Enter build submenu | 17 | |
| Enter hero's abilities submenu | 9 | |
| Right click | 230 | |
| Select / deselect | 119 | |
| Select group hotkey | 294 | |
| Use ability | 56 | |
906 total
» units
» upgrades
| Shaman Training | 2 | |
| Armor | 2 | |
| Pulverize | 1 | |
| Melee Weapons | 2 | |
7 total
» buildings
| Altar of Storms | 1 | |
| Orc Burrow | 7 | |
| Voodoo Lounge | 1 | |
| Stronghold | 1 | |
| War Mill | 1 | |
| Fortress | 1 | |
| Spirit Lodge | 1 | |
| Tauren Totem | 2 | |
| Watch Tower | 2 | |
| Great Hall | 1 | |
18 total
» build order
00:08 Altar of Storms
00:20 Orc Burrow
01:06 Voodoo Lounge
02:14 Stronghold
03:30 War Mill
03:39 Orc Burrow
05:11 Fortress
05:16 Spirit Lodge
06:45 Orc Burrow
07:35 Tauren Totem
07:41 Tauren Totem
07:46 Watch Tower
07:51 Watch Tower
10:53 Orc Burrow
10:55 Orc Burrow
11:22 Great Hall
13:25 Orc Burrow
17:12 Orc Burrow
» items
| Healing Salve | 2 | |
| Lesser Clarity Potion | 3 | |
| Scroll of Speed | 1 | |
| Potion of Healing | 1 | |
| Orb of Lightning | 1 | |
8 total

»
Kodos (
teal | 47 APM | 1098 actions | 23:19)
4 Mountain King
2 Storm Bolt
2 Bash
4 Paladin
2 Holy Light
2 Divine Shield
3 Pandaren Brewmaster
2 Breath of Fire
1 Drunken Haze
» actions
| Basic commands | 132 | |
| Build / train | 77 | |
| Enter build submenu | 34 | |
| Enter hero's abilities submenu | 11 | |
| Give item / drop item | 2 | |
| Remove unit from queue | 2 | |
| Right click | 331 | |
| Select / deselect | 419 | |
| Use ability | 90 | |
1098 total
» units
| Peasant | 16 | |
| Goblin Shredder | 1 | |
| Priest | 4 | |
| Gryphon Rider | 3 | |
| Dragonhawk Rider | 5 | |
| Knight | 1 | |
| Kobold Geomancer | 1 | |
| Assassin | 1 | |
| Murloc Huntsman | 1 | |
| Kobold | 1 | |
34 total
» upgrades
| Lumber Harvesting | 1 | |
| Swords | 3 | |
| Priest Training | 2 | |
| Masonry | 1 | |
| Storm Hammers | 1 | |
| Cloud | 1 | |
| Armor | 2 | |
| Animal War Training | 1 | |
12 total
» buildings
| Altar of Kings | 1 | |
| Farm | 13 | |
| Lumber Mill | 1 | |
| Arcane Vault | 1 | |
| Keep | 1 | |
| Scout Tower | 35 | |
| Town Hall | 1 | |
| Arcane Tower | 2 | |
| Blacksmith | 1 | |
| Castle | 1 | |
| Arcane Sanctum | 1 | |
| Gryphon Aviary | 3 | |
| Guard Tower | 6 | |
| Barracks | 1 | |
68 total
» build order
00:07 Altar of Kings
00:11 Farm
00:53 Lumber Mill
01:14 Farm
01:54 Arcane Vault
02:34 Keep
02:50 Scout Tower
03:31 Town Hall
03:40 Arcane Tower
05:12 Farm
05:15 Farm
05:20 Blacksmith
06:00 Castle
06:46 Arcane Sanctum
06:59 Scout Tower
07:05 Gryphon Aviary
07:19 Gryphon Aviary
07:34 Scout Tower
07:35 Arcane Tower
07:38 Scout Tower
08:04 Gryphon Aviary
08:13 Farm
08:30 Guard Tower
08:33 Scout Tower
08:55 Farm
09:03 Guard Tower
09:15 Barracks
09:43 Farm
10:18 Farm
10:22 Farm
11:11 Farm
11:14 Farm
14:26 Farm
15:14 Farm
17:04 Scout Tower
17:43 Guard Tower
17:45 Scout Tower
17:46 Scout Tower
17:48 Scout Tower
17:49 Scout Tower
17:49 Scout Tower
17:50 Scout Tower
17:51 Scout Tower
17:51 Scout Tower
17:51 Scout Tower
17:53 Scout Tower
17:53 Scout Tower
17:53 Scout Tower
17:54 Scout Tower
19:30 Scout Tower
19:31 Scout Tower
19:31 Scout Tower
19:31 Scout Tower
19:32 Scout Tower
19:32 Scout Tower
19:32 Scout Tower
19:33 Scout Tower
19:33 Scout Tower
19:34 Scout Tower
19:34 Scout Tower
19:34 Scout Tower
19:35 Scout Tower
19:35 Scout Tower
21:48 Guard Tower
21:51 Guard Tower
22:46 Guard Tower
» items
| Scroll of Regeneration | 1 | |
| Potion of Lesser Invulnerability | 1 | |
| Periapt of Vitality | 1 | |
| Scroll of Town Portal | 1 | |
4 total
9ocket3dition (
purple | 70 APM | 1636 actions | 23:19)
5 Mountain King
3 Storm Bolt
2 Bash
» actions
| Assign group hotkey | 20 | |
| Build / train | 83 | |
| Enter build submenu | 43 | |
| Enter hero's abilities submenu | 5 | |
| Remove unit from queue | 2 | |
| Right click | 555 | |
| Select / deselect | 369 | |
| Select group hotkey | 482 | |
| Use ability | 77 | |
1636 total
» units
| Peasant | 19 | |
| Footman | 11 | |
| Knight | 6 | |
| Siege Engine | 3 | |
| Goblin Shredder | 1 | |
40 total
» upgrades
| Swords | 3 | |
| Masonry | 3 | |
| Plating | 3 | |
| Defend | 1 | |
| Lumber Harvesting | 2 | |
| Barrage | 1 | |
| Animal War Training | 1 | |
| Gunpowder | 3 | |
| Backpack | 1 | |
| Armor | 1 | |
| Flak Cannons | 1 | |
| Fragmentation Shards | 1 | |
| Flare | 1 | |
| Flying Machine Bombs | 1 | |
| Long Rifles | 1 | |
| Sorceress Training | 1 | |
25 total
» buildings
| Altar of Kings | 1 | |
| Farm | 14 | |
| Barracks | 3 | |
| Lumber Mill | 1 | |
| Scout Tower | 9 | |
| Blacksmith | 1 | |
| Guard Tower | 8 | |
| Town Hall | 1 | |
| Keep | 1 | |
| Arcane Vault | 1 | |
| Castle | 1 | |
| Workshop | 2 | |
| Arcane Sanctum | 2 | |
| Gryphon Aviary | 2 | |
47 total
» build order
00:26 Altar of Kings
00:42 Farm
00:58 Farm
01:11 Barracks
01:19 Lumber Mill
01:49 Farm
02:25 Scout Tower
02:30 Blacksmith
02:42 Scout Tower
02:44 Scout Tower
03:30 Guard Tower
03:37 Guard Tower
04:10 Town Hall
04:13 Scout Tower
04:15 Scout Tower
04:40 Farm
04:42 Farm
04:45 Farm
04:48 Guard Tower
05:01 Guard Tower
05:56 Keep
06:56 Scout Tower
07:00 Scout Tower
07:02 Arcane Vault
07:07 Farm
07:26 Guard Tower
07:29 Barracks
07:39 Scout Tower
07:40 Guard Tower
08:13 Guard Tower
08:17 Scout Tower
08:19 Castle
08:26 Farm
08:46 Barracks
08:57 Workshop
09:06 Guard Tower
09:08 Farm
09:26 Workshop
09:53 Farm
11:20 Farm
11:23 Farm
14:46 Farm
14:49 Farm
21:47 Arcane Sanctum
21:52 Gryphon Aviary
22:07 Arcane Sanctum
22:15 Gryphon Aviary
team 2 (winner)
S.ranked (
red | 92 APM | 2155 actions | 23:19)
5 Archmage
3 Summon Water Elemental
2 Brilliance Aura
2 Mountain King
1 Storm Bolt
1 Thunder Clap
» actions
| Assign group hotkey | 28 | |
| Basic commands | 131 | |
| Build / train | 109 | |
| ESC pressed | 7 | |
| Enter build submenu | 26 | |
| Enter hero's abilities submenu | 7 | |
| Give item / drop item | 7 | |
| Right click | 874 | |
| Select / deselect | 557 | |
| Select group hotkey | 187 | |
| Use ability | 222 | |
2155 total
» units
| Peasant | 12 | |
| Footman | 15 | |
| Spell Breaker | 7 | |
| Knight | 4 | |
38 total
» upgrades
| Plating | 3 | |
| Defend | 1 | |
| Swords | 2 | |
| Masonry | 1 | |
| Lumber Harvesting | 1 | |
| Sorceress Training | 1 | |
| Control Magic | 1 | |
| Animal War Training | 1 | |
11 total
» buildings
| Barracks | 1 | |
| Farm | 11 | |
| Altar of Kings | 2 | |
| Arcane Vault | 1 | |
| Scout Tower | 3 | |
| Arcane Tower | 5 | |
| Blacksmith | 1 | |
| Keep | 3 | |
| Lumber Mill | 1 | |
| Castle | 5 | |
| Town Hall | 1 | |
| Arcane Sanctum | 2 | |
| Guard Tower | 1 | |
37 total
» build order
00:14 Barracks
00:16 Farm
00:19 Farm
00:27 Altar of Kings
00:31 Altar of Kings
01:11 Farm
01:19 Arcane Vault
01:59 Scout Tower
02:10 Farm
02:31 Arcane Tower
02:31 Arcane Tower
02:32 Arcane Tower
03:24 Farm
04:18 Blacksmith
05:11 Keep
05:12 Keep
05:15 Farm
06:04 Farm
06:07 Lumber Mill
06:43 Farm
09:07 Castle
09:07 Castle
09:08 Castle
09:08 Castle
09:47 Town Hall
10:57 Arcane Sanctum
11:02 Arcane Sanctum
11:22 Farm
11:48 Scout Tower
11:50 Scout Tower
13:08 Farm
13:12 Arcane Tower
13:13 Guard Tower
13:23 Farm
» items
| Lesser Clarity Potion | 5 | |
| Scroll of Regeneration | 5 | |
| Periapt of Vitality | 1 | |
| Scroll of Town Portal | 2 | |
| Potion of Healing | 1 | |
14 total

»
teelo (
green | 48 APM | 1125 actions | 23:20)
3 Tauren Chieftain
1 War Stomp
2 Endurance Aura
» actions
| Assign group hotkey | 116 | |
| Basic commands | 63 | |
| Build / train | 65 | |
| Enter build submenu | 16 | |
| Enter hero's abilities submenu | 4 | |
| Give item / drop item | 3 | |
| Right click | 294 | |
| Select / deselect | 152 | |
| Select group hotkey | 307 | |
| Use ability | 105 | |
1125 total
» units
| Peon | 14 | |
| Grunt | 7 | |
| Shaman | 10 | |
| Tauren | 7 | |
| Wisp | 5 | |
43 total
» upgrades
| Melee Weapons | 3 | |
| Armor | 3 | |
| Berserker Strength | 1 | |
| Shaman Training | 2 | |
| Reinforced Defenses | 1 | |
10 total
» buildings
| Orc Burrow | 4 | |
| Altar of Storms | 1 | |
| Barracks | 1 | |
| War Mill | 2 | |
| Voodoo Lounge | 1 | |
| Stronghold | 1 | |
| Watch Tower | 2 | |
| Fortress | 1 | |
| Spirit Lodge | 2 | |
| Great Hall | 1 | |
| Tauren Totem | 2 | |
18 total
» build order
00:19 Orc Burrow
00:38 Altar of Storms
00:52 Barracks
01:10 War Mill
01:37 Voodoo Lounge
02:13 Orc Burrow
03:07 Stronghold
04:11 Orc Burrow
05:03 Watch Tower
06:11 Fortress
06:16 Spirit Lodge
06:20 Spirit Lodge
07:32 Orc Burrow
08:16 Great Hall
09:36 Tauren Totem
10:32 Tauren Totem
11:19 Watch Tower
13:06 War Mill
» items
| Healing Salve | 3 | |
| Lesser Clarity Potion | 2 | |
| Orb of Lightning | 1 | |
6 total

»
Tuuzi (
pink | 43 APM | 604 actions | 14:05)
4 Keeper of the Grove
2 Entangling Roots
2 Thorns Aura
» actions
| Assign group hotkey | 1 | |
| Build / train | 53 | |
| Enter build submenu | 15 | |
| Enter hero's abilities submenu | 4 | |
| Remove unit from queue | 1 | |
| Right click | 269 | |
| Select / deselect | 226 | |
| Select group hotkey | 2 | |
| Use ability | 33 | |
604 total
» units
| Wisp | 13 | |
| Archer | 7 | |
| Huntress | 4 | |
| Druid of the Talon | 3 | |
| Hippogryph | 7 | |
34 total
» upgrades
| Strength of the Moon | 1 | |
| Druid of the Talon Training | 2 | |
| Reinforced Hides | 2 | |
| Strength of the Wild | 1 | |
| Hippogryph Taming | 1 | |
| Improved Bows | 1 | |
| Mark of the Talon | 1 | |
9 total
» buildings
| Altar of Elders | 1 | |
| Moon Well | 5 | |
| Ancient of War | 1 | |
| Hunter's Hall | 1 | |
| Tree of Ages | 1 | |
| Tree of Eternity | 1 | |
| Ancient of Wind | 3 | |
| Ancient of Wonders | 1 | |
| Tree of Life | 1 | |
15 total
» build order
00:30 Altar of Elders
00:34 Moon Well
00:51 Ancient of War
01:32 Moon Well
02:19 Hunter's Hall
03:05 Moon Well
04:20 Tree of Ages
04:46 Moon Well
06:51 Tree of Eternity
06:57 Ancient of Wind
07:01 Ancient of Wind
10:00 Ancient of Wind
10:22 Moon Well
10:45 Ancient of Wonders
11:07 Tree of Life

»
Kyle (
orange | 38 APM | 889 actions | 23:19)
2 Mountain King
1 Storm Bolt
1 Bash
» actions
| Basic commands | 13 | |
| Build / train | 62 | |
| Enter build submenu | 30 | |
| Enter hero's abilities submenu | 2 | |
| Remove unit from queue | 5 | |
| Right click | 525 | |
| Select / deselect | 214 | |
| Use ability | 38 | |
889 total
» units
| Peasant | 12 | |
| Footman | 1 | |
| Flying Machine | 2 | |
| Mortar Team | 2 | |
| Spell Breaker | 5 | |
| Knight | 4 | |
| Sorceress | 2 | |
| Priest | 1 | |
| Siege Engine | 5 | |
34 total
» upgrades
| Masonry | 2 | |
| Magic Sentry | 1 | |
| Swords | 1 | |
| Fragmentation Shards | 1 | |
| Barrage | 1 | |
| Gunpowder | 1 | |
7 total
» buildings
| Altar of Kings | 1 | |
| Lumber Mill | 1 | |
| Farm | 9 | |
| Barracks | 1 | |
| Scout Tower | 6 | |
| Guard Tower | 4 | |
| Arcane Vault | 1 | |
| Arcane Tower | 2 | |
| Keep | 1 | |
| Blacksmith | 1 | |
| Workshop | 2 | |
| Arcane Sanctum | 1 | |
| Castle | 1 | |
31 total
» build order
00:12 Altar of Kings
00:25 Lumber Mill
00:40 Farm
00:53 Barracks
01:19 Farm
01:23 Farm
01:43 Scout Tower
02:09 Scout Tower
02:19 Farm
02:32 Scout Tower
02:43 Guard Tower
02:48 Guard Tower
03:20 Arcane Vault
03:26 Arcane Tower
03:53 Scout Tower
03:58 Farm
04:11 Keep
04:42 Farm
05:22 Scout Tower
05:26 Farm
05:48 Blacksmith
06:26 Guard Tower
06:43 Workshop
06:54 Arcane Sanctum
08:17 Castle
09:10 Guard Tower
09:12 Arcane Tower
12:11 Farm
12:12 Farm
13:11 Workshop
13:14 Scout Tower
» items
Chat log
(01:51 / Allies) Tuuzi: hey
(01:52 / Allies) Tuuzi: units?
(01:53 / Allies) teelo: sup
(01:56 / Allies) teelo: melee
(01:59 / Allies) Kyle: red what hero
(02:11 / Allies) Kyle: red
(02:13 / Allies) Kyle: what hero
(02:16 / Allies) S.ranked: mage
(02:19 / Allies) Kyle: ty
(04:32 / Allies) Kyle: u want top mine or me
(04:38 / Allies) Tuuzi: I'll go hips and crows
(04:49 / All) Kyle: wow
(04:52 / All) Kyle: trying to get baked bro
(05:05 / All) Kyle: its 4s rt
(05:07 / All) teelo: baking what? a potato?
(05:32 / All) Kyle: dont forget the bacon
(05:33 / All) Kyle: bitch
(06:04 / All) Kyle: run up more
(06:11 / All) Kyle: fat nerd
(06:16 / All) Kyle: come at me bro
(06:17 / All) Kyle: lmfao
(10:13 / Allies) teelo: tauren/fiends/grpyhs on their side
(10:19 / Allies) Kyle: ya
(10:30 / Allies) Kyle: tank knight
(10:31 / Allies) Kyle: here
(10:34 / All) Kodos: u serious?
(10:34 / Allies) Tuuzi: so some casters would give us the edge
(10:36 / Allies) Kyle: breakers
(10:42 / Allies) teelo: casters
(10:53 / Allies) Tuuzi: yup
(11:04 / Allies) S.ranked: casters here thenm
(13:35 / Allies) teelo: pink we creeped that mine 10 minutes ago why are you so slow to take it
(13:46 / Allies) Tuuzi: as if that's what lost this for us....zz
(13:50 / Allies) S.ranked: b
(13:52 / All) Kodos: red is owning up there
(13:55 / All) Kodos: were fucked
(13:56 / Allies) teelo: yes it is, if you'd had more gold you'd have more units
(13:56 / Allies) Tuuzi: everyone fighting alone = fail
(13:57 / Allies) Kyle: lol
(14:07 / All) Kodos: look at him go
(14:08 / All) Galax.xy: has it been a while s.ranked?
(14:11 / All) GodOfWar92: oj the noob got ownedz
(14:17 / All) Kyle: lol
(14:21 / All) Kyle: you did what
(14:23 / All) Kyle: to me
(14:24 / All) Kyle: i was afk
(14:29 / All) GodOfWar92: look at score
(14:33 / All) Kyle: i wont care
(14:34 / All) GodOfWar92: ull see waht i did...
(14:38 / All) Kyle: you have 2 heroes
(14:40 / All) Kyle: to my 1
(14:45 / All) Kyle: i wont care because this is 4s rt
(14:47 / All) GodOfWar92: thats why u got owned
(14:48 / All) GodOfWar92: loser
(14:50 / All) Kyle: or even look at it
(14:56 / All) Kodos: go home
(14:58 / All) Kyle: seriously.
(15:06 / All) GodOfWar92: im home
(15:08 / All) GodOfWar92: loser
(15:13 / All) Kyle: so
(15:18 / All) Kyle: this guy talks shit on a video game
(15:24 / All) GodOfWar92: u said go ho,me dumbass
(15:26 / All) Kyle: and calls people losers
(15:27 / All) GodOfWar92: im home...
(15:32 / All) Kyle: i really didnt
(15:32 / All) Kodos: i saide go home
(15:34 / All) Kyle: ^
(15:35 / All) Kodos: lol
(15:54 / All) GodOfWar92: u got pwned anyway
(15:57 / All) GodOfWar92: was funny
(15:59 / All) Kyle: not by you
(16:03 / All) Kodos: this game was a waste of everyone time
(16:03 / All) GodOfWar92: yep
(16:03 / All) Kyle: wc3 is funny
(16:04 / All) Kyle: ?
(16:06 / All) GodOfWar92: atbegginig
(16:07 / All) Kyle: yea it was
(16:08 / All) GodOfWar92: pwnd u
(16:12 / All) Kyle: no you didnt
(16:14 / All) Kyle: you we're lvl 1
(16:15 / All) GodOfWar92: 2 foots + creeps + item
(16:16 / All) GodOfWar92: pwnd
(16:24 / All) GodOfWar92: haha
(16:24 / All) Kyle: you didnt creep with grunts
(16:28 / All) GodOfWar92: u didnt even notice?
(16:29 / All) GodOfWar92: lol
(16:29 / All) Kyle: lvl 1 much
(16:34 / All) Kyle: no i was afk
(16:37 / All) Kyle: lmfao
(16:44 / All) Kyle: you dont read
(16:48 / All) Kyle: oh boy
(16:51 / All) GodOfWar92: thats why it was so ez
(16:52 / All) Kodos: bye
(16:55 / All) Kodos: go home
(16:58 / All) Kyle: rly
(17:05 / Allies) S.ranked: may have to fight at oj
(17:08 / All) Kyle: "godofwar92"
(17:12 / Allies) S.ranked: unless u tp
(17:17 / Allies) Kyle: lol
(17:19 / Allies) teelo: to oj
(17:20 / All) GodOfWar92: yes "Kyle" lol
(17:21 / Allies) teelo: no aa here
(17:23 / Allies) S.ranked: tp oj?
(17:31 / Allies) Kyle: idk want me too ?
(17:35 / Allies) S.ranked: yeah
(17:35 / All) Kodos: your moms name is kyle
(17:43 / Allies) S.ranked: fron
(17:44 / All) Kyle: pro tps
(17:46 / All) Kyle: feed this
(17:48 / All) Kyle: nom nom
(17:56 / All) GodOfWar92: lvl 1
(17:57 / All) GodOfWar92: lol
(18:01 / All) Kyle: back click my hero more
(18:03 / All) Kyle: noob
(18:36 / All) Kyle: what are you consentrating ?
(18:39 / All) Kyle: its back click
(18:43 / All) Kyle: lmfao
(18:44 / All) GodOfWar92: c ya noob
(18:46 / All) Kyle: talk more shit
(18:48 / All) Kyle: noob
(18:55 / All) Kyle: come at my base
(18:56 / All) Kyle: solo it
(18:59 / All) Kyle: with ur bm
(19:01 / All) Kyle: come at me
(19:09 / All) Kodos: dont be mad
(19:14 / All) GodOfWar92: c ya noob
(19:14 / All) Kyle: im not
(19:21 / All) Kyle: he should try
(19:24 / All) Kyle: if hes gonna be like that
(19:33 / All) 9ocket3dition: SAXTON HAAAAAAAAAAAAAAAAAAAAAAAAAAAAAAAAAAAAAAAAAAAAAAALE
(19:52 / All) Kyle: my 4 towers wont save u red
(19:53 / All) Kyle: :(
(20:04 / All) Kodos: reds pro
(20:05 / All) Kodos: i can tell
(20:12 / All) Kyle: he was doin work
(20:19 / All) Kodos: u pro
(20:20 / All) GodOfWar92: lol they so mad
(20:21 / All) GodOfWar92: funny
(20:22 / All) S.ranked: thanks
(20:25 / All) Kyle: blue
(20:30 / All) Galax.xy: in reality s.ranked is pretty good
(20:32 / All) GodOfWar92: u mad bro
(20:36 / All) Kyle: no
(20:37 / All) GodOfWar92: chill
(20:43 / All) Kyle: go shit ur pants and sit down
(20:44 / All) GodOfWar92: u got owned
(20:46 / All) GodOfWar92: chill
(20:46 / All) Kyle: oh wait
(20:57 / All) Kodos: this game was 2 easy
(21:00 / All) GodOfWar92: ya
(21:01 / All) Kyle: mommy feedin ya more hot pockets
(21:03 / All) GodOfWar92: i was afk
(21:04 / All) Kyle: blue
(21:06 / All) Kodos: what the fuck were you guys doing
(21:09 / All) Kyle: no you we'nt try hard
(21:11 / All) Kyle: all kodos
(21:14 / All) GodOfWar92: wtf was this shit game
(21:16 / All) Galax.xy: afk
(21:18 / All) Kyle: was gettin baked
(21:19 / All) Kyle: afk
(21:20 / All) Kodos: i dicked around for 20 min and no one attacks
(21:26 / All) Kodos: i was getting high 2
(21:27 / All) Kyle: did shit all
(21:29 / Allies) teelo: rofl
(21:30 / All) GodOfWar92: should have went bats
(21:34 / All) Kyle: no
(21:36 / All) GodOfWar92: would have been even funnier
(21:37 / All) Kyle: you fail still blue
(21:38 / All) Kyle: still do
(21:47 / All) Kyle: you cant troll
(21:49 / All) Kyle: worth shit
(21:53 / All) Kyle: lol
(21:59 / All) GodOfWar92: dude u got owned u the one master of failure
(21:59 / All) Kyle: hang yourself by your intestines
(22:00 / All) GodOfWar92: lol
(22:00 / All) Kyle: pls
(22:02 / All) Kodos: im towering fat
(22:12 / Allies) teelo: lol they're going to see that farm in 45 seconds
(22:17 / All) Kyle: so
(22:21 / All) Kyle: you laugh at your own jokes
(22:22 / All) Kyle: so cool
(22:28 / Allies) S.ranked: but at least we can still talk junk
(22:28 / All) Kodos: 4 sure
(22:30 / All) GodOfWar92: i laugh at u
(22:31 / All) Kyle: not u
(22:33 / All) GodOfWar92: its different
(22:34 / All) GodOfWar92: lol
(22:39 / All) Kyle: thats weird
(22:41 / Allies) teelo: lol I hope I get teamed with blue next game
(22:44 / All) Kyle: go laugh at a movie
(22:45 / Allies) teelo: Im going to backstab him
(22:46 / All) GodOfWar92: weird but funny
(22:49 / All) GodOfWar92: weird for u
(22:50 / Allies) S.ranked: lol
(22:54 / All) Kyle: whats weird
(22:54 / All) GodOfWar92: lol
(22:56 / All) Kyle: for me
(22:59 / All) Kyle: its akward
(23:03 / All) GodOfWar92: ppl laughing at ur ass
(23:04 / All) Kyle: because you're a nerd
(23:08 / All) Kyle: laughing at a game
(23:12 / All) GodOfWar92: no
(23:13 / All) GodOfWar92: at u
(23:15 / All) Kyle: no
(23:16 / All) GodOfWar92: different
(23:18 / All) Kyle: sorry